TOP OF THE 1ST |
Little Rock Lemmiwinks batting - Pitching for Erie Jaxx : RHP Steve Bigham
|
Pitching: RHP Steve Bigham
|
|
Batting: LHB Francisco Gonzáles
|
0-0: Ball 1-0: Ball 2-0: Called Strike 2-1: Ball 3-1: Base on Balls
|
Batting: RHB Nicoli Turina
|
0-0: Swinging Strike 0-1: Ball 1-1: Ball 2-1: Ball 3-1: Foul Ball, location: 2F 3-2: Foul Ball, location: 2F 3-2: Foul Ball, location: 2F 3-2: Base on Balls Francisco Gonzáles to second
|
Batting: LHB Dave Raines
|
0-0: Called Strike 0-1: Ball 1-1: Called Strike 1-2: SINGLE (Groundball, 56D) Francisco Gonzáles to third Nicoli Turina to second Runner from 3rd tries for Home, SAFE, no throw
|
Batting: RHB Jaime Hernández
|
0-0: Called Strike 0-1: SINGLE (Flyball, 6MD) Nicoli Turina to third Dave Raines to second
|
Batting: RHB Jorge Mora
|
0-0: Swinging Strike 0-1: Foul Ball, location: 2F 0-2: Ball 1-2: Strikes out swinging
|
Batting: RHB James Hunter
|
0-0: Ball 1-0: DOUBLE (Flyball, 7D) Nicoli Turina scores Dave Raines scores Jaime Hernández to third
|
Batting: RHB Bill Bourland
|
0-0: Ball 1-0: SINGLE (Groundball, 34D) Jaime Hernández scores James Hunter to third
|
Batting: RHB Juan Trujillo
|
0-0: Called Strike 0-1: Ball 1-1: DOUBLE (Line Drive, 7LM) James Hunter scores Bill Bourland to third Runner from 3rd tries for Home, throw and OUT! Juan Trujillo to third
|
Batting: RHB Álex Martínez
|
0-0: Ball 1-0: Called Strike 1-1: Swinging Strike 1-2: Foul Ball, location: 2F 1-2: Strikes out looking
|
Top of the 1st over - 5 run(s), 5 hit(s), 0 error(s), 1 left on base; Little Rock 5 - Erie 0 |
BOTTOM OF THE 1ST |
Erie Jaxx batting - Pitching for Little Rock Lemmiwinks : RHP Claudio Ramírez
|
Pitching: RHP Claudio Ramírez
|
|
Batting: RHB Edgardo Castro
|
0-0: SINGLE (Flyball, 89S)
|
Batting: SHB José Durango
|
0-0: Ball 1-0: Called Strike 1-1: Ball 2-1: Swinging Strike 2-2: Ball 3-2: Base on Balls Edgardo Castro to second
|
Batting: SHB Michael Field
|
0-0: Foul Ball, location: 2F 0-1: Swinging Strike 0-2: Foul Ball, location: 2F 0-2: Foul Ball, location: 2F 0-2: Foul Ball, location: 2F 0-2: Strikes out swinging
|
Batting: RHB William Wilson
|
0-0: Swinging Strike 0-1: Foul Ball, location: 2F 0-2: Foul Ball, location: 2F 0-2: SINGLE (Flyball, 78S) Edgardo Castro to third José Durango to second Runner from 3rd tries for Home, SAFE, no throw
|
Batting: RHB Ángel Serrano
|
0-0: Ball 1-0: Ball 2-0: Ball Wild Pitch! José Durango to third William Wilson to second 3-0: Base on Balls
|
Batting: RHB Andrés Silva
|
0-0: Called Strike 0-1: Ball 1-1: Foul Ball, location: 2F 1-2: Fly out, F8 (Flyball, 89S) Runner from 3rd tags up, SCORES, no throw
|
Batting: RHB Ed Keesee
|
0-0: Called Strike 0-1: Swinging Strike 0-2: Ball 1-2: Ball Wild Pitch! William Wilson to third Ángel Serrano to second 2-2: Strikes out swinging
|
Bottom of the 1st over - 2 run(s), 2 hit(s), 0 error(s), 2 left on base; Little Rock 5 - Erie 2 |
TOP OF THE 2ND |
Little Rock Lemmiwinks batting - Pitching for Erie Jaxx : RHP Steve Bigham
|
Batting: LHB Francisco Gonzáles
|
0-0: Called Strike 0-1: Called Strike 0-2: Ball 1-2: Foul Ball, location: 2F 1-2: Ground out U3 (Groundball, 3)
|
Batting: RHB Nicoli Turina
|
0-0: Called Strike 0-1: Ball 1-1: Called Strike 1-2: Strikes out swinging
|
Batting: LHB Dave Raines
|
0-0: Foul Ball, location: 2F 0-1: Called Strike 0-2: Foul Ball, location: 2F 0-2: Strikes out swinging
|
Top of the 2nd over - 0 run(s), 0 hit(s), 0 error(s), 0 left on base; Little Rock 5 - Erie 2 |
BOTTOM OF THE 2ND |
Erie Jaxx batting - Pitching for Little Rock Lemmiwinks : RHP Claudio Ramírez
|
Batting: RHB Alfredo Ramírez
|
0-0: Ball 1-0: Called Strike 1-1: Ball 2-1: Ball 3-1: Swinging Strike 3-2: Foul Ball, location: 2F 3-2: Base on Balls
|
Batting: RHB Júlio Hernández
|
0-0: Ball 1-0: Ball 2-0: Fielders Choice at 2nd, 2-6 (Groundball, 2R)
|
Batting: RHB Edgardo Castro
|
0-0: Fly out, F5 (Popup, 5S)
|
Batting: SHB José Durango
|
0-0: Ball 1-0: Fly out, F9 (Flyball, 9LM)
|
Bottom of the 2nd over - 0 run(s), 0 hit(s), 0 error(s), 1 left on base; Little Rock 5 - Erie 2 |
TOP OF THE 3RD |
Little Rock Lemmiwinks batting - Pitching for Erie Jaxx : RHP Steve Bigham
|
Batting: RHB Jaime Hernández
|
0-0: Ball 1-0: SINGLE (Line Drive, 89S)
|
Batting: RHB Jorge Mora
|
Pickoff Throw to First - Out! 0-0: Ball 1-0: Ball 2-0: Ball 3-0: Called Strike 3-1: SINGLE (Groundball, 56D)
|
Batting: RHB James Hunter
|
0-0: Called Strike 0-1: Ball 1-1: Called Strike 1-2: Ball 2-2: Strikes out swinging
|
Batting: RHB Bill Bourland
|
0-0: Ball 1-0: Ball 2-0: Fly out, F8 (Flyball, 78M)
|
Top of the 3rd over - 0 run(s), 2 hit(s), 0 error(s), 1 left on base; Little Rock 5 - Erie 2 |
BOTTOM OF THE 3RD |
Erie Jaxx batting - Pitching for Little Rock Lemmiwinks : RHP Claudio Ramírez
|
Batting: SHB Michael Field
|
0-0: Called Strike 0-1: Ball 1-1: Swinging Strike 1-2: Strikes out swinging
|
Batting: RHB William Wilson
|
0-0: Ball 1-0: Called Strike 1-1: Ball 2-1: Swinging Strike 2-2: Foul Ball, location: 2F 2-2: Strikes out looking
|
Batting: RHB Ángel Serrano
|
0-0: Ball 1-0: Swinging Strike 1-1: Ball 2-1: Foul Ball, location: 2F 2-2: Strikes out looking
|
Bottom of the 3rd over - 0 run(s), 0 hit(s), 0 error(s), 0 left on base; Little Rock 5 - Erie 2 |
TOP OF THE 4TH |
Little Rock Lemmiwinks batting - Pitching for Erie Jaxx : RHP Steve Bigham
|
Batting: RHB Juan Trujillo
|
0-0: Foul Ball, location: 2F 0-1: Fly out, F9 (Flyball, 9LM)
|
Batting: RHB Álex Martínez
|
0-0: Ball 1-0: Called Strike 1-1: SINGLE (Line Drive, 4)
|
Batting: LHB Francisco Gonzáles
|
0-0: Called Strike Álex Martínez steals 2nd base 0-1: Ball 1-1: Foul Ball, location: 2F 1-2: Ball 2-2: Foul Ball, location: 2F 2-2: Foul Ball, location: 2F 2-2: Strikes out swinging
|
Batting: RHB Nicoli Turina
|
0-0: Ball 1-0: Ball 2-0: Ground out U3 (Groundball, 34)
|
Top of the 4th over - 0 run(s), 1 hit(s), 0 error(s), 1 left on base; Little Rock 5 - Erie 2 |
BOTTOM OF THE 4TH |
Erie Jaxx batting - Pitching for Little Rock Lemmiwinks : RHP Claudio Ramírez
|
Batting: RHB Andrés Silva
|
0-0: Ball 1-0: Fly out, F7 (Line Drive, 7)
|
Batting: RHB Ed Keesee
|
0-0: Ball 1-0: Foul Ball, location: 2F 1-1: Fly out, F4 (Popup, 4MD)
|
Batting: RHB Alfredo Ramírez
|
0-0: Ball 1-0: Called Strike 1-1: Called Strike 1-2: Hit by Pitch
|
Batting: RHB Júlio Hernández
|
0-0: Ball 1-0: Foul Ball, location: 2F 1-1: Ball 2-1: Swinging Strike 2-2: Fielders Choice at 2nd, 6-4 (Groundball, 6)
|
Bottom of the 4th over - 0 run(s), 0 hit(s), 0 error(s), 0 left on base; Little Rock 5 - Erie 2 |
TOP OF THE 5TH |
Little Rock Lemmiwinks batting - Pitching for Erie Jaxx : RHP Steve Bigham
|
Pitching: RHP Tom Newton
|
|
Batting: LHB Dave Raines
|
0-0: Foul Ball, location: 2F 0-1: Foul Ball, location: 2F 0-2: Ground out 4-3 (Groundball, 4S)
|
Batting: RHB Jaime Hernández
|
0-0: Called Strike 0-1: Ball 1-1: SINGLE (Groundball, 6D)
|
Batting: RHB Jorge Mora
|
0-0: Foul Ball, location: 2F 0-1: Fly out, F8 (Flyball, 8LM)
|
Batting: RHB James Hunter
|
0-0: Ball Jaime Hernández steals 2nd base 1-0: Ball 2-0: Ball 3-0: Called Strike 3-1: Called Strike 3-2: Foul Ball, location: 2F 3-2: Foul Ball, location: 2F 3-2: SINGLE (Groundball, 4MD) Jaime Hernández to third Jaime Hernández scores
|
Batting: RHB Bill Bourland
|
0-0: Fielders Choice at 2nd, 4-6 (Groundball, 4)
|
Top of the 5th over - 1 run(s), 2 hit(s), 0 error(s), 0 left on base; Little Rock 6 - Erie 2 |
BOTTOM OF THE 5TH |
Erie Jaxx batting - Pitching for Little Rock Lemmiwinks : RHP Claudio Ramírez
|
Batting: RHB Edgardo Castro
|
0-0: Ball 1-0: Ball 2-0: Ball 3-0: Foul Ball, location: 2F 3-1: Base on Balls
|
Batting: SHB José Durango
|
0-0: Ball 1-0: Grounds into double play, 1-6-3 (Groundball, P)
|
Batting: SHB Michael Field
|
0-0: Called Strike 0-1: Foul Ball, location: 2F 0-2: Ball 1-2: Ball 2-2: Ball 3-2: Base on Balls
|
Pitching: RHP Manuel Trujillo
|
|
Batting: RHB William Wilson
|
0-0: Foul Ball, location: 2F 0-1: Foul Ball, location: 2F 0-2: Ball 1-2: Ball 2-2: Ball 3-2: Strikes out swinging
|
Bottom of the 5th over - 0 run(s), 0 hit(s), 0 error(s), 1 left on base; Little Rock 6 - Erie 2 |
TOP OF THE 6TH |
Little Rock Lemmiwinks batting - Pitching for Erie Jaxx : RHP Tom Newton
|
Batting: RHB Juan Trujillo
|
0-0: Ball 1-0: Foul Ball, location: 2F 1-1: Ball 2-1: Ball 3-1: Called Strike 3-2: SINGLE (Groundball, 56) (infield hit)
|
Batting: RHB Álex Martínez
|
0-0: Foul Ball, location: 2F 0-1: Ball 1-1: SINGLE (Flyball, 78S) Juan Trujillo to second
|
Batting: LHB Francisco Gonzáles
|
0-0: Ball Juan Trujillo is caught stealing 3rd base Álex Martínez to second 1-0: Foul Ball, location: 2F 1-1: Foul Ball, location: 2F 1-2: Fly out, F4 (Line Drive, 4)
|
Batting: RHB Nicoli Turina
|
0-0: Called Strike 0-1: Ball 1-1: Ball 2-1: Called Strike 2-2: Strikes out swinging
|
Top of the 6th over - 0 run(s), 2 hit(s), 0 error(s), 1 left on base; Little Rock 6 - Erie 2 |
BOTTOM OF THE 6TH |
Erie Jaxx batting - Pitching for Little Rock Lemmiwinks : RHP Manuel Trujillo
|
Batting: RHB Ángel Serrano
|
0-0: Foul Ball, location: 2F 0-1: SINGLE (Line Drive, 56)
|
Batting: RHB Andrés Silva
|
0-0: Called Strike 0-1: Fly out, F9 (Flyball, 9LS)
|
Batting: RHB Ed Keesee
|
0-0: Called Strike 0-1: Fly out, F4 (Popup, 4D)
|
Batting: RHB Alfredo Ramírez
|
0-0: Called Strike 0-1: Ball 1-1: Ball 2-1: Foul Ball, location: 2F 2-2: DOUBLE (Line Drive, 78S) Ángel Serrano to third Runner from 3rd tries for Home, SAFE, throw made at trailing runner, OUT at third!
|
Bottom of the 6th over - 1 run(s), 2 hit(s), 0 error(s), 0 left on base; Little Rock 6 - Erie 3 |
TOP OF THE 7TH |
Little Rock Lemmiwinks batting - Pitching for Erie Jaxx : RHP Tom Newton
|
Batting: LHB Dave Raines
|
0-0: Ball 1-0: Foul Ball, location: 2F 1-1: Ground out 4-3 (Groundball, 34)
|
Batting: RHB Jaime Hernández
|
0-0: Called Strike 0-1: Foul Ball, location: 2F 0-2: Ground out 6-3 (Groundball, 6)
|
Batting: RHB Jorge Mora
|
0-0: Called Strike 0-1: Swinging Strike 0-2: Ball 1-2: Ball 2-2: Foul Ball, location: 2F 2-2: Strikes out looking
|
Top of the 7th over - 0 run(s), 0 hit(s), 0 error(s), 0 left on base; Little Rock 6 - Erie 3 |
BOTTOM OF THE 7TH |
Erie Jaxx batting - Pitching for Little Rock Lemmiwinks : RHP Manuel Trujillo
|
Batting: RHB Júlio Hernández
|
0-0: Ball 1-0: Ground out 6-3 (Groundball, 6M)
|
Batting: RHB Edgardo Castro
|
0-0: Ball 1-0: Foul Ball, location: 2F 1-1: Ball 2-1: Ball 3-1: Base on Balls
|
Batting: SHB José Durango
|
0-0: Ball 1-0: Ball 2-0: Fly out, F8 (Flyball, 8RS)
|
Batting: SHB Michael Field
|
0-0: Called Strike 0-1: Fly out, F3 (Popup, 3S)
|
Bottom of the 7th over - 0 run(s), 0 hit(s), 0 error(s), 1 left on base; Little Rock 6 - Erie 3 |
TOP OF THE 8TH |
Little Rock Lemmiwinks batting - Pitching for Erie Jaxx : RHP Tom Newton
|
Batting: RHB James Hunter
|
0-0: Swinging Strike 0-1: Foul Ball, location: 2F 0-2: Ball 1-2: Strikes out swinging
|
Batting: RHB Bill Bourland
|
0-0: Called Strike 0-1: SINGLE (Line Drive, 78S)
|
Batting: RHB Juan Trujillo
|
0-0: Foul Ball, location: 2F 0-1: Ball 1-1: Ball 2-1: Foul Ball, location: 2F 2-2: Foul Ball, location: 2F 2-2: SINGLE (Flyball, 78S) Bill Bourland to second
|
Pitching: RHP Scott King
|
|
Batting: RHB Álex Martínez
|
0-0: Called Strike 0-1: Ball 1-1: Ball Wild Pitch! Bill Bourland to third Juan Trujillo to second 2-1: Ball 3-1: Base on Balls
|
Pitching: LHP Jesús Acosta
|
|
Pinch Hitting: SHB Jorge Rodríguez
|
0-0: Foul Ball, location: 2F 0-1: Swinging Strike 0-2: Ball 1-2: Strikes out swinging
|
Batting: RHB Nicoli Turina
|
0-0: SINGLE (Flyball, 8RS) Bill Bourland scores Juan Trujillo to third Álex Martínez to second Runner from 3rd tries for Home, SAFE, no throw
|
Pitching: LHP Carlos Pimentel
|
|
Batting: LHB Dave Raines
|
0-0: Fly out, F8 (Flyball, 78M)
|
Top of the 8th over - 2 run(s), 3 hit(s), 0 error(s), 2 left on base; Little Rock 8 - Erie 3 |
BOTTOM OF THE 8TH |
Erie Jaxx batting - Pitching for Little Rock Lemmiwinks : RHP Manuel Trujillo
|
Now in CF: Claudio Palácios
|
|
Batting: RHB William Wilson
|
0-0: SINGLE (Groundball, 6MD)
|
Batting: RHB Ángel Serrano
|
0-0: Called Strike 0-1: Called Strike 0-2: Foul Ball, location: 2F 0-2: Ball 1-2: Ball 2-2: Fly out, F9 (Flyball, 9S)
|
Batting: RHB Andrés Silva
|
0-0: Grounds into double play, 5-4-3 (Groundball, 56)
|
Bottom of the 8th over - 0 run(s), 1 hit(s), 0 error(s), 0 left on base; Little Rock 8 - Erie 3 |
TOP OF THE 9TH |
Little Rock Lemmiwinks batting - Pitching for Erie Jaxx : LHP Carlos Pimentel
|
Batting: RHB Jaime Hernández
|
0-0: Ball 1-0: Ball 2-0: Foul Ball, location: 2F 2-1: Ball 3-1: Base on Balls
|
Batting: RHB Jorge Mora
|
0-0: Called Strike 0-1: Fly out, F8 (Flyball, 78M)
|
Batting: RHB James Hunter
|
0-0: Called Strike 0-1: Called Strike 0-2: Strikes out swinging
|
Batting: RHB Bill Bourland
|
0-0: Called Strike 0-1: Reached on error, E6 (Groundball, 6) Jaime Hernández to second
|
Batting: RHB Juan Trujillo
|
0-0: Ball 1-0: Ball 2-0: Swinging Strike 2-1: Swinging Strike 2-2: Foul Ball, location: 2F 2-2: Foul Ball, location: 2F 2-2: Foul Ball, location: 2F 2-2: Ball 3-2: Foul Ball, location: 2F 3-2: Foul Ball, location: 2F 3-2: Base on Balls Jaime Hernández to third Bill Bourland to second
|
Batting: RHB Álex Martínez
|
0-0: Swinging Strike 0-1: Called Strike 0-2: Ball 1-2: Ball 2-2: Ball 3-2: Foul Ball, location: 2F 3-2: Strikes out swinging
|
Top of the 9th over - 0 run(s), 0 hit(s), 1 error(s), 3 left on base; Little Rock 8 - Erie 3 |
BOTTOM OF THE 9TH |
Erie Jaxx batting - Pitching for Little Rock Lemmiwinks : RHP Manuel Trujillo
|
Now at 3B: Jack Crossey
|
|
Batting: RHB Ed Keesee
|
0-0: Called Strike 0-1: Foul Ball, location: 2F 0-2: Strikes out looking
|
Batting: RHB Alfredo Ramírez
|
0-0: DOUBLE (Groundball, 5L)
|
Batting: RHB Júlio Hernández
|
0-0: Ball 1-0: Ball 2-0: Foul Ball, location: 2F 2-1: DOUBLE (Line Drive, 8LXD) Alfredo Ramírez scores
|
Pitching: RHP Jorge Amador
|
|
Batting: RHB Edgardo Castro
|
0-0: Ball 1-0: Ball 2-0: Foul Ball, location: 2F 2-1: 2-RUN HOME RUN (Flyball, 7D), Distance : 365 ft
|
Pitching: RHP José Peña
|
|
Batting: SHB José Durango
|
0-0: Ball 1-0: Reached on error, E5 (Groundball, 56)
|
Batting: SHB Michael Field
|
0-0: Swinging Strike 0-1: Ball 1-1: Swinging Strike 1-2: Foul Ball, location: 2F 1-2: Strikes out swinging
|
Batting: RHB William Wilson
|
0-0: Foul Ball, location: 2F 0-1: Ball 1-1: Ball 2-1: Foul Ball, location: 2F 2-2: Foul Ball, location: 2F 2-2: Ball 3-2: SINGLE (Groundball, 34D) José Durango to third José Durango scores
|
Batting: RHB Ángel Serrano
|
0-0: Foul Ball, location: 2F 0-1: Ball 1-1: Foul Ball, location: 2F 1-2: Foul Ball, location: 2F 1-2: Foul Ball, location: 2F 1-2: Ball 2-2: Strikes out swinging
|
Bottom of the 9th over - 4 run(s), 4 hit(s), 1 error(s), 1 left on base; Little Rock 8 - Erie 7 |
|